 Dungeon Crawl Stone Soup version 0.19.1-1-g22dce08 (webtiles) character file.

315 ponk the Covert (level 6, -1/41 HPs)
             Began as an Octopode Assassin on Jan 8, 2017.
             Was an Initiate of Dithmenos.
             Slain by an orc
             ... wielding a +0 trident
              (2 damage)
             ... on level 4 of the Dungeon.
             The game lasted 00:13:04 (2951 turns).

ponk the Covert (Octopode Assassin)                 Turns: 2951, Time: 00:13:11

Health: -1/41      AC:  1    Str: 11    XL:     6   Next: 43%
Magic:  6/6        EV: 13    Int: 14    God:    Dithmenos [......]
Gold:   180        SH:  0    Dex: 14    Spells: 0 memorised, 5 levels left

rFire  . . .     SeeInvis .     a - +2 dagger
rCold  . . .     Gourm    .     (no shield)
rNeg   . . .     Faith    .     (helmet restricted)
rPois  .         Spirit   .     j - amulet of rage
rElec  .         Reflect  .     n - ring of stealth
rCorr  .         Harm     .     (no ring)
MR     .....                    (no ring)
Stlth  ++++......               (no ring)
                                (no ring)
                                (no ring)
                                (no ring)
                                (no ring)

@: confused, lethally poisoned (-1 -> -15)
A: almost no armour, stealthy swim, amphibious, 8 rings, constrict 8, camouflage
1, gelatinous body 1
a: Renounce Religion, Evoke Berserk Rage


You were on level 4 of the Dungeon.
You worshipped Dithmenos.
Dithmenos was noncommittal.
You were not hungry.

You visited 2 branches of the dungeon, and saw 5 of its levels.

You collected 180 gold pieces.

Inventory:

Hand Weapons
 a - a +2 dagger (weapon)
 b - a +0 blowgun
 g - a cursed +0 flail
Missiles
 c - 44 poisoned needles
 d - 2 curare-tipped needles
Jewellery
 j - an amulet of rage (around mantle)
 n - a ring of stealth (left tentacle)
Wands
 r - a wand of iceblast (12/15)
Scrolls
 h - a scroll of enchant armour
 k - 2 scrolls of identify
 s - a scroll of teleportation {unknown}
 x - 4 scrolls of remove curse
 y - a scroll of enchant weapon {unknown}
 C - a scroll of amnesia
Potions
 e - 2 potions of curing
 i - a potion of magic
 m - 3 potions of brilliance
 t - a potion of beneficial mutation {unknown}
 u - 2 potions of degeneration {unknown}
 v - a potion of cancellation {unknown}
 w - a potion of mutation {unknown}
 z - a potion of might
 B - a potion of berserk rage {unknown}
Books
 q - a book of Conjurations

   Spells                             Type                      Level
   a - Magic Dart                     Conjuration                  1
   b - Searing Ray                    Conjuration                  2
   c - Dazzling Spray                 Conjuration/Hexes            3
   d - Fulminant Prism                Conjuration/Hexes            4
   e - Iskenderun's Mystic Blast      Conjuration                  4
   f - Iskenderun's Battlesphere      Conjuration/Charms           5
Comestibles
 f - 5 bread rations
 o - a royal jelly
 p - a beef jerky
 A - a meat ration


   Skills:
 + Level 2.4 Fighting
 + Level 3.6 Short Blades
 + Level 2.3 Throwing
 + Level 1.5 Dodging
 * Level 8.8 Stealth


You had 5 spell levels left.
You didn't know any spells.

Dungeon Overview and Level Annotations

Branches:
Dungeon (4/15)             Temple (1/1) D:4

Altars:
Cheibriados
Dithmenos
Elyvilon
Fedhas
Gozag
Kikubaaqudgha
Makhleb
Nemelex Xobeh
Okawaru
Qazlal
Ru
Sif Muna
Trog
Uskayaw
Vehumet
Xom
Yredelemnul
The Shining One


Innate Abilities, Weirdness & Mutations

You cannot wear most types of armour.
You are very stealthy in the water. (Stealth+)
You are amphibious.
You can wear up to eight rings at the same time.
You can use your tentacles to constrict eight enemies at once.
Your skin changes colour to match your surroundings (Stealth+).
Your rubbery body absorbs attacks. (AC +1, EV +1)


Message History

You're too confused to move!
You feel sick.
You hear some strange, mumbled words.
You are more confused.
You bump into the rock wall.
The orc throws a poisoned tomahawk.
The poisoned tomahawk hits you.
You are more poisoned.
You're too confused to move!
You feel sick.
You hear some strange, mumbled words.
A puff of flame appears from out of thin air!
The puff of flame misses you.
The orc hits you from afar with a trident!
* * * LOW HITPOINT WARNING * * *
You bump into the rock wall.
* * * LOW HITPOINT WARNING * * *
You feel sick. Something hits you.
* * * LOW HITPOINT WARNING * * *
The orc hits you.
* * * LOW HITPOINT WARNING * * *
The orc hits you from afar with a trident.
You die...

#.####...##.#.####..# #.######
#..# #...##.#.# #..# ##.#####
#..# #......#.# #..# #......#
##..# #####################..#.#
....####...$...................#
##.....#..#...#...#...#...#.#.##
##.####_...................#.#
#.# #..#.%(#o..#...#...###.###
#.# #....))o.@..........##....
#.#############################
#....................#
#####..############### #..#
#..#### #..>..# ######## #.###.#
#....... #.###.## #.######


You could see 2 orcs.

Vanquished Creatures
  An ogre (D:4)
  A bullfrog skeleton (D:4)
  An iguana (D:4)
  Natasha (twice) (D:4)
  4 adders
  A howler monkey skeleton (D:4)
  4 worms
  4 dart slugs
  3 leopard geckos
  3 orcs
  6 bats
  2 giant cockroaches
  2 gnoll zombies (D:4)
  7 goblins
  5 hobgoblins
  4 jackals
  5 kobolds
  A quokka (D:2)
  4 frilled lizards
  9 rats
69 creatures vanquished.

Notes
Turn   | Place    | Note
-------+----------+-------------------------------------------
     0 | D:1      | ponk the Octopode Assassin began the quest for the Orb.
     0 | D:1      | Reached XP level 1. HP: 14/14 MP: 1/1
   170 | D:1      | Reached XP level 2. HP: 19/19 MP: 2/2
   348 | D:1      | Reached skill level 6 in Stealth
   358 | D:1      | Reached XP level 3. HP: 20/24 MP: 3/3
  1017 | D:2      | Found a radiant altar of Vehumet.
  1153 | D:2      | Found a burning altar of Makhleb.
  1370 | D:3      | Reached XP level 4. HP: 29/29 MP: 4/4
  1474 | D:3      | Noticed a dagger
  1474 | D:3      | Noticed a hand axe
  1561 | D:3      | Found a hide-covered altar of Uskayaw.
  1661 | D:3      | Found a blossoming altar of Fedhas.
  2037 | D:4      | Reached skill level 7 in Stealth
  2037 | D:4      | Reached XP level 5. HP: 34/34 MP: 5/5
  2076 | D:4      | Noticed an ogre
  2084 | D:4      | Killed an ogre
  2084 | D:4      | Reached skill level 8 in Stealth
  2084 | D:4      | Reached XP level 6. HP: 39/39 MP: 6/6
  2366 | D:4      | Found a staircase to the Ecumenical Temple.
  2373 | Temple   | Entered the Ecumenical Temple
  2411 | Temple   | Became a worshipper of Dithmenos the Shadowed
  2555 | D:4      | Noticed Natasha
  2565 | D:4      | Killed Natasha
  2592 | D:4      | Noticed Natasha
  2600 | D:4      | Killed Natasha
  2816 | D:4      | Found a basalt altar of Yredelemnul.
  2940 | D:4      | Found a white marble altar of Elyvilon.
  2951 | D:4      | HP: 1/41 [orc (3)]
  2951 | D:4      | Slain by an orc

Skill      XL: |  1  2  3  4  5 |
---------------+----------------+-----
Stealth        | 6 7 8 |  8.8
Short Blades   | 3 |  3.6
Fighting       | |  2.4
Throwing       | |  2.3
Dodging        | |  1.5

Action                   |  1- 3 |  4- 6 || total
-------------------------+-------+-------++-------
Melee: Dagger            |    61 |    56 ||   117
       Constrict         |    21 |    10 ||    31
       Tentacles         |    10 |     8 ||    18
  Use: Scroll            |     2 |     4 ||     6
       Potion            |     2 |     3 ||     5
 Stab: Sleeping          |    12 |    16 ||    28
  Eat: Chunk             |     1 |     5 ||     6
Armor: Skin              |     8 |     4 ||    12
Dodge: Dodged            |    36 |    16 ||    52
